Unix NetHack Version 5.0.0-0 post-release - last build May 17 2026 04:57:42 (dc50c8380fa5e20985bfe3072449f57b8d9895ef,branch:main).

Game began 2026-05-20 01:40:38, ended 2026-05-20 02:36:04.

Doran, lawful male human Samurai

           ------------                                               --------
           |...........###############################################-......|
           |.....>....|########--------------------------------#      |%.....|
           --------.---       #|..............................|#      |<.....|
                   #          #|.-----..-------------..------.|#      ------|-
                ###############|.|((.-..-..|....|...|..|....|.|#            #
           ##########         #|.|((.|..|..| ...|...|..|... |.|#            #
         --.----              #|.|((.|..|------+|...|---|----..##           #
         |.....|              #|.|-----.|%%|..|.|...|..|......|#           ##
         |.....-#######"###"###|.|....|.|%%|..|.--|-|..|.----.|#          #0
         |.....|              #|.|._..|.|..|-|-..{..-|--.|..|.|#         ##
         |.....|              #|.|....-.-|--..........(..-..|..#####0----.-
         |.....|              #|.|....|......--|----.---|---|.|######.....|
         |.....|              #|.|-------....|..|..|.|...|(.|.|    ##|....|
         -------              #|.|.%%|.{|....|%!|..-.|(((|((|.|     #|....|
                              #|.-.%%|..|....|%.|---.|(((|..|.|     #.....|
                              #|.-----|--....----.{..------|-.|      ------
                              #|.....P........a.a@..@.........|
                              #--------------------------------

Doran the Ninja        St:18/01 Dx:14 Co:18 In:10 Wi:9 Ch:6  Lawful S:7378
Dlvl:7  $:32 HP:0(79) Pw:21(21) AC:4  Xp:8 T:4375  Burdened

Latest messages:
 e - an uncursed violet gem.
 X - an uncursed violet gem.
 D - 2 uncursed violet gems.
 There is an altar to Raijin (neutral) here.
 What do you want to call? [egiov-xzCDIQ-SVXZ or ?*] i
 Call a spiked wand: spiked vanish
 This door is locked.
 Unlock it with your skeleton key? [ynq] (q) y
 You succeed in unlocking the door.
 In what direction? l
 The door opens.
 The chickatrice bites!
 The chickatrice just misses!
 You hit the chickatrice!
 You hit the chickatrice!
 You kill the chickatrice!
 Pick a monster, object or location.
 The soldier ant bites!
 The soldier ant stings!
 You hit the soldier ant!
 The soldier ant bites!
 The soldier ant stings!
 The soldier ant bites!
 The soldier ant stings!
 You kill the soldier ant!
 You hit the lynx!
 The lynx hits!
 The lynx hits again!
 The lynx bites!
 You hit the lynx!
 The lynx hits!
 The lynx hits again!
 The lynx bites!
 The lynx hits!
 The lynx hits again!
 The lynx bites!
 You hit the lynx!
 The lynx misses!
 The lynx hits!
 The lynx misses!
 You kill the lynx!
 You miss the soldier ant.
 The soldier ant bites!
 The soldier ant just misses!
 You miss the soldier ant.
 The soldier ant bites!
 The soldier ant stings!
 You die...
 Do you want your possessions identified? [ynq] (y) y
 Do you want to see your attributes? [ynq] (y) q

Inventory:
 Coins    ('$')
  $ - 32 gold pieces
 Weapons  (')')
  K - a blessed +5 arrow
  E - 8 +1 arrows
  L - 53 +0 arrows
  h - a +0 elven arrow
  d - 39 blessed +0 ya (in quiver)
  c - a +0 yumi
  p - a +0 elven dagger
  a - a blessed +0 katana (weapon in right hand)
  b - a +0 wakizashi (alternate weapon; not wielded)
 Armor    ('[')
  s - an uncursed +0 orcish helm
  S - an uncursed +0 pair of kicking boots (being worn)
  H - an uncursed +0 elven mithril-coat (being worn)
 Comestibles  ('%')
  B - 2 uncursed apples
  q - 2 uncursed gunyoki
  y - an uncursed partly eaten gunyoki
  n - 2 uncursed tripe rations
  t - an uncursed lizard corpse
  u - an uncursed lizard corpse
 Scrolls  ('?')
  I - an uncursed scroll of charging
  m - 2 uncursed scrolls of create monster
  x - 2 uncursed scrolls of enchant weapon
  r - an uncursed scroll of fire
  J - 3 uncursed scrolls of identify
  j - an uncursed scroll of light
  v - an uncursed scroll of remove curse
  Y - an uncursed scroll of teleportation
 Spellbooks  ('+')
  W - an uncursed spellbook of healing
  l - an uncursed spellbook of knock
  Q - a blessed spellbook of magic missile
 Potions  ('!')
  O - 2 uncursed potions of healing
  V - an uncursed potion of object detection
 Wands    ('/')
  g - a wand of cancellation (0:0)
  M - a wand of create monster (0:11)
  N - a wand of digging (0:6)
  o - a cursed wand of magic missile (0:1)
  w - a wand of polymorph (0:6)
  i - a cursed wand of teleportation (0:6)
 Tools    ('(')
  Z - an uncursed sack containing 15 items
  f - an uncursed blindfold
  F - an expensive camera (0:71)
  z - an uncursed magic whistle
  A - a +0 pick-axe
  k - an uncursed skeleton key
  T - 3 uncursed tallow candles
 Gems/Stones  ('*')
  X - an uncursed amethyst stone
  e - an uncursed fluorite stone
  C - 2 uncursed worthless pieces of black glass
  R - an uncursed worthless piece of orange glass
  D - 2 uncursed worthless pieces of violet glass

Contents of the sack:
  2 cursed -1 elven arrows
  40 cursed +0 ya
  a cursed +0 katana
  a cursed candy bar labeled "Om-nom"
  a cursed melon
  a cursed scroll of remove curse
  a cursed scroll of teleportation
  a cursed spellbook of detect food
  a cursed spellbook of magic missile
  a cursed potion of confusion
  a cursed ring of fire resistance
  an uncursed diamond
  a cursed garnet stone
  an uncursed jasper stone
  an uncursed ruby

Doran the Samurai's attributes:

Background:
 You were a Ninja, a level 8 male human Samurai.
 You were lawful, on a mission for Amaterasu Omikami
 who was opposed by Raijin (neutral) and Susanowo (chaotic).
 You were right-handed.
 You were in the Gnomish Mines, on level 7.
 You entered the dungeon 4375 turns ago.
 It was nighttime.
 You had 1729 experience points, 831 more were needed to attain level 9.
 Your score was 7378 before end-of-game adjustments.

Basics:
 You had 0 out of 79 hit points.
 You had all 21 energy points (spell power).
 Your armor class was 4.
 Your wallet contained 32 zorkmids.
 Autopickup was off.

Final Characteristics:
 Your strength was 18/01 (peak:18/02, limit:18/100).
 Your dexterity was 14 (limit:18).
 Your constitution was 18 (limit:18).
 Your intelligence was 10 (limit:18).
 Your wisdom was 9 (limit:18).
 Your charisma was 6 (limit:18).

Final Status:
 You weren't hungry.
 You were burdened; movement was slightly slowed.
 You were wielding a long sword.
 You were skilled in long sword and could have enhanced that.

Final Attributes:
 You were piously aligned.
 You were guarded.
 You were fast.
 You are dead.

Miscellaneous:
 You encountered 1 bones level.
 Total elapsed playing time was 55 minutes and 25 seconds.

Major events:
 Turn
    1: Doran the lawful male human Samurai entered the dungeon
 1117: attained the rank of Ronin (level 3)
 1381: entered the Gnomish Mines
 2651: attained the rank of Ninja (level 6)
 2768: reached Mine Town
 4375: killed by a soldier ant

You didn't know any spells.

Skills:
 Fighting Skills
   martial arts      [Basic]
   two weapon combat [Unskilled]
   riding            [Unskilled]
 Weapon Skills
   dagger            [Unskilled]
   knife             [Unskilled]
   short sword       [Basic]
   broadsword        [Unskilled]
   long sword        [Skilled]
   two-handed sword  [Unskilled]
   saber             [Unskilled]
   flail             [Unskilled]
   quarterstaff      [Unskilled]
   polearms          [Unskilled]
   spear             [Unskilled]
   lance             [Unskilled]
   bow               [Basic]
   shuriken          [Unskilled]
 Spellcasting Skills
   attack spells     [Unskilled]
   divination spells [Unskilled]
   clerical spells   [Unskilled]

Voluntary challenges:
 Character rerolling was not enabled.
 You never genocided any monsters.
 You never polymorphed an object.
 You never changed form.
 You used no wishes.
Achievements:
 You attained the rank of Ronin.
 You entered a shop.
 You entered the Gnomish Mines.
 You attained the rank of Ninja.
 You entered Minetown.
 You entered a temple.

 The Dungeons of Doom: levels 1 to 4
    Level 1:
       An altar.
    Level 2:
       A fountain.
    Level 3:
       A scroll shop, an altar to Amaterasu Omikami.
       Stairs down to The Gnomish Mines.
    Level 4:
 The Gnomish Mines: levels 4 to 9
    Level 4:
    Level 5:
    Level 6:
    Level 7: <- You were here.
       Many shops, a temple and an altar, some fountains, a sink.
       Final resting place for
          you, killed by a soldier ant.
    Level 8:
    Level 9:
       A grave.
       Final resting place for
          Shruner-Sam-Hum-Fem-Law, killed by a marilith.


Vanquished creatures:
  a ghost
  a marilith
  a lynx
  a panther
  a giant spider
  a vampire bat
  4 gnome rulers
  4 Green-elves
  2 lizards
  a chickatrice
  a raven
 an ape
  a soldier ant
  3 fire ants
  a water nymph
  a pony
  7 gnome leaders
  4 gnomish wizards
  a dwarf
  a homunculus
  3 hill orcs
  a rothe
  a giant bat
  6 monkeys
  2 orc zombies
  3 iguanas
  2 hobbits
  2 manes
  a hobgoblin
  a giant rat
  4 cave spiders
  a yellow mold
 47 gnomes
  a gnome zombie
  2 geckos
  5 jackals
  a kobold
  3 goblins
  3 sewer rats
 10 grid bugs
  5 lichens
  3 kobold zombies
  7 newts
152 creatures vanquished.

No species were genocided or became extinct.

Game over:
                       ----------
                      /          \
                     /    REST    \
                    /      IN      \
                   /     PEACE      \
                  /                  \
                  |      Doran       |
                  |      32 Au       |
                  |   killed by a    |
                  |   soldier ant    |
                  |                  |
                  |                  |
                  |       2026       |
                 *|     *  *  *      | *
        _________)/\\_//(\/(/\)/\//\/|_)_______

Sayonara Doran the Samurai...

You died in The Gnomish Mines on dungeon level 7 with 7375 points,
and 32 pieces of gold, after 4375 moves.
You were level 8 with a maximum of 79 hit points when you died.

